% Time on Ice - KELOWNA ROCKETS
Lines # - Real PCT - Wanted PCT - Time Play
Normal Forward
1 - 32% - 36% - 16:07
2 - 33% - 36% - 16:46
3 - 27% - 28% - 13:35
4 - 8% - 0% - 4:14
Normal Defense
1 - 34% - 37% - 17:13
2 - 32% - 35% - 16:07
3 - 31% - 28% - 15:42
4 - 3% - 0% - 1:40
PP Forward
1 - 79% - 60% - 4:00
2 - 21% - 40% - 1:02
PP Defense
1 - 63% - 60% - 3:09
2 - 37% - 40% - 1:53
PK Forward
1 - 97% - 65% - 3:52
2 - 3% - 35% - 0:06
PK Defense
1 - 56% - 50% - 2:14
2 - 44% - 50% - 1:44
PK3 Forward
1 - 0% - 50%
2 - 0% - 50%
PK3 Defense
1 - 0% - 50%
2 - 0% - 50%
44 Forward
1 - 0% - 50%
2 - 0% - 50%
44 Defense
1 - 0% - 50%
2 - 0% - 50%
Last Minute Offensive  - 0:18
Last Minute Defensive  - 0:00
Total
Forward - 60:00
Defense - 60:00
% Time on Ice - PORTLAND PIRATES
Lines # - Real PCT - Wanted PCT - Time Play
Normal Forward
1 - 35% - 35% - 17:59
2 - 33% - 33% - 16:50
3 - 23% - 22% - 11:38
4 - 9% - 10% - 4:24
Normal Defense
1 - 35% - 35% - 17:48
2 - 36% - 35% - 18:09
3 - 22% - 22% - 11:25
4 - 7% - 8% - 3:29
PP Forward
1 - 58% - 60% - 2:17
2 - 42% - 40% - 1:41
PP Defense
1 - 58% - 60% - 2:17
2 - 42% - 40% - 1:41
PK Forward
1 - 85% - 60% - 4:18
2 - 15% - 40% - 0:44
PK Defense
1 - 65% - 60% - 3:15
2 - 35% - 40% - 1:47
PK3 Forward
1 - 0% - 55%
2 - 0% - 45%
PK3 Defense
1 - 0% - 55%
2 - 0% - 45%
44 Forward
1 - 0% - 55%
2 - 0% - 45%
44 Defense
1 - 0% - 55%
2 - 0% - 45%
Last Minute Offensive  - 0:00
Last Minute Defensive  - 0:09
Total
Forward - 60:00
Defense - 60:00
Play-by-Play 1st period 0:01 of 1st period - Auston Matthews wins face-off versus Mika Zibanejad in neutral zone. 0:28 of 1st period - Shot by Pavel Buchnevich. 0:28 of 1st period - Shot Misses the Net. 0:30 of 1st period - Shot by Auston Matthews. 0:30 of 1st period - Stopped by Cameron Talbot without a rebound. 0:31 of 1st period - Chandler Stephenson wins face-off versus J.T. Compher in PORTLAND PIRATES zone. 0:31 of 1st period - Yanni Gourde is hit by Vladimir Tarasenko and loses puck. 0:46 of 1st period - Shot by J.T. Compher. 0:46 of 1st period - Deflect By Tyler Bertuzzi. 0:46 of 1st period - Shot Misses the Net. 1:23 of 1st period - Icing by Travis Hamonic. 1:24 of 1st period - Chandler Stephenson wins face-off versus Tomas Nosek in PORTLAND PIRATES zone. 1:39 of 1st period - Shot by Thomas Chabot. 1:39 of 1st period - Stopped by Antti Raanta without a rebound. 1:40 of 1st period - Alexander Kerfoot wins face-off versus Auston Matthews in KELOWNA ROCKETS zone. 1:57 of 1st period - Shot by Valeri Nichushkin. 1:57 of 1st period - Shot Misses the Net. 2:00 of 1st period - Icing by Jonathan Toews. 2:01 of 1st period - Tomas Nosek wins face-off versus Jonathan Toews in PORTLAND PIRATES zone. 2:31 of 1st period - Shot by Kyle Palmieri. 2:31 of 1st period - Shot Misses the Net. 2:50 of 1st period - Shot by Travis Konecny. 2:50 of 1st period - Deflect By Robert Thomas. 2:50 of 1st period - Shot Misses the Net. 2:52 of 1st period - Shot by Marc-Edouard Vlasic. 2:52 of 1st period - Stopped by Antti Raanta without a rebound. 2:53 of 1st period - Michael McLeod wins face-off versus J.T. Compher in KELOWNA ROCKETS zone. 3:06 of 1st period - Shot by Tyler Bertuzzi. 3:06 of 1st period - Stopped by Cameron Talbot without a rebound. 3:07 of 1st period - Mika Zibanejad wins face-off versus Pavel Buchnevich in PORTLAND PIRATES zone. 6:01 of 1st period - Shot by J.T. Compher. 6:01 of 1st period - Shot Misses the Net. 6:03 of 1st period - Shot by Dmitri Orlov. 6:03 of 1st period - Shot Misses the Net. 7:03 of 1st period - Shot by Pavel Dorofeyev. 7:03 of 1st period - Stopped by Cameron Talbot with a rebound. 8:17 of 1st period - Shot by Kyle Palmieri. 8:17 of 1st period - Stopped by Antti Raanta without a rebound. 8:18 of 1st period - Jonathan Toews wins face-off versus Calle Jarnkrok in KELOWNA ROCKETS zone. 8:45 of 1st period - Shot by Kyle Palmieri. 8:45 of 1st period - Shot Misses the Net. 9:29 of 1st period - Shot by Travis Konecny. 9:29 of 1st period - Shot Misses the Net. 9:45 of 1st period - Shot by Travis Konecny. 9:45 of 1st period - Shot Blocked by Dmitri Orlov. 10:25 of 1st period - Shot by Tyler Bertuzzi. 10:25 of 1st period - Stopped by Cameron Talbot without a rebound. 10:26 of 1st period - Auston Matthews wins face-off versus Yanni Gourde in PORTLAND PIRATES zone. 11:02 of 1st period - Icing by Erik Brannstrom. 11:03 of 1st period - Auston Matthews wins face-off versus Jonathan Toews in KELOWNA ROCKETS zone. 11:11 of 1st period - Alexander Kerfoot is hit by Pavel Buchnevich and loses puck. 11:21 of 1st period - Jonathan Toews is hit by Kyle Burroughs and loses puck. 11:25 of 1st period - Icing by Erik Brannstrom. 11:26 of 1st period - Mika Zibanejad wins face-off versus Auston Matthews in KELOWNA ROCKETS zone. 11:29 of 1st period - Shot by Robert Thomas. 11:29 of 1st period - Shot Hit the Post. 11:57 of 1st period - Shot by J.T. Compher. 11:57 of 1st period - Shot Misses the Net. 12:53 of 1st period - Minor Penalty to Yanni Gourde for Interference. 12:54 of 1st period - Jonathan Toews wins face-off versus Auston Matthews in PORTLAND PIRATES zone. 13:57 of 1st period - Shot by J.T. Compher. 13:57 of 1st period - Goal by J.T. Compher - KELOWNA ROCKETS : 1 - PORTLAND PIRATES : 0. 13:58 of 1st period - Mika Zibanejad wins face-off versus Noah Gregor in neutral zone. 14:14 of 1st period - Shot by Anthony DeAngelo. 14:14 of 1st period - Shot Blocked by Brian Dumoulin. 15:02 of 1st period - Icing by Mika Zibanejad. 15:03 of 1st period - Mika Zibanejad wins face-off versus Tomas Nosek in PORTLAND PIRATES zone. 15:07 of 1st period - Off-side. 15:08 of 1st period - Chandler Stephenson wins face-off versus Tomas Nosek in neutral zone. 15:47 of 1st period - Shot by Calle Jarnkrok. 15:47 of 1st period - Shot Misses the Net. 16:41 of 1st period - Shot by Jonathan Toews. 16:41 of 1st period - Stopped by Antti Raanta without a rebound. 16:42 of 1st period - Auston Matthews wins face-off versus Mika Zibanejad in KELOWNA ROCKETS zone. 16:56 of 1st period - Mika Zibanejad is hit by Anthony DeAngelo. 17:07 of 1st period - Icing by Mark Giordano. 17:08 of 1st period - Jonathan Toews wins face-off versus Auston Matthews in KELOWNA ROCKETS zone. 19:24 of 1st period - Minor Penalty to Brett Pesce for Tripping. 19:25 of 1st period - Yanni Gourde wins face-off versus Auston Matthews in PORTLAND PIRATES zone. 19:33 of 1st period - Icing by Pavel Buchnevich. 19:34 of 1st period - Auston Matthews wins face-off versus Yanni Gourde in KELOWNA ROCKETS zone. Goals for this period are 1 for KELOWNA ROCKETS vs 0 for PORTLAND PIRATES. Shots for this period are 5 for KELOWNA ROCKETS vs 4 for PORTLAND PIRATES. 2nd period 0:01 of 2nd period - Yanni Gourde wins face-off versus Auston Matthews in neutral zone. 1:05 of 2nd period - Shot by Alexander Kerfoot. 1:05 of 2nd period - Stopped by Antti Raanta without a rebound. 1:06 of 2nd period - J.T. Compher wins face-off versus Yanni Gourde in KELOWNA ROCKETS zone. 1:33 of 2nd period - Shot by Tomas Nosek. 1:33 of 2nd period - Shot Misses the Net. 1:35 of 2nd period - Shot by Tomas Nosek. 1:35 of 2nd period - Shot Misses the Net. 1:37 of 2nd period - Shot by Mark Giordano. 1:37 of 2nd period - Stopped by Cameron Talbot without a rebound. 1:38 of 2nd period - Michael McLeod wins face-off versus Noah Gregor in PORTLAND PIRATES zone. 1:38 of 2nd period - Michael McLeod is hit by Noah Gregor. 2:02 of 2nd period - Shot by Noah Gregor. 2:02 of 2nd period - Shot Misses the Net. 2:17 of 2nd period - Michael McLeod is hit by Noah Gregor and loses puck. 2:47 of 2nd period - Off-side. 2:48 of 2nd period - J.T. Compher wins face-off versus Jonathan Toews in neutral zone. 3:03 of 2nd period - Shot by J.T. Compher. 3:03 of 2nd period - Stopped by Cameron Talbot without a rebound. 3:04 of 2nd period - Auston Matthews wins face-off versus Chandler Stephenson in PORTLAND PIRATES zone. 3:21 of 2nd period - Shot by Valeri Nichushkin. 3:21 of 2nd period - Shot Blocked by Brett Pesce. 3:23 of 2nd period - Shot by Pavel Buchnevich. 3:23 of 2nd period - Shot Blocked by Brett Pesce. 3:25 of 2nd period - Shot by Mark Giordano. 3:25 of 2nd period - Stopped by Cameron Talbot without a rebound. 3:26 of 2nd period - J.T. Compher wins face-off versus Mika Zibanejad in PORTLAND PIRATES zone. 3:33 of 2nd period - Tyler Bertuzzi is hit by Travis Konecny and loses puck. 3:37 of 2nd period - Minor Penalty to Dmitri Orlov for Holding. 3:38 of 2nd period - J.T. Compher wins face-off versus Mika Zibanejad in KELOWNA ROCKETS zone. 3:49 of 2nd period - Adam Fox is hit by Chandler Stephenson and loses puck. 5:35 of 2nd period - Icing by Robert Thomas. 5:36 of 2nd period - Auston Matthews wins face-off versus Pavel Zacha in PORTLAND PIRATES zone. 5:39 of 2nd period - Shot by Pavel Buchnevich. 5:39 of 2nd period - Stopped by Cameron Talbot without a rebound. 5:40 of 2nd period - Tomas Nosek wins face-off versus Alexander Kerfoot in PORTLAND PIRATES zone. 5:45 of 2nd period - Shot by Calle Jarnkrok. 5:45 of 2nd period - Shot Blocked by Alexander Kerfoot. 5:51 of 2nd period - Kyle Burroughs is hit by Alexander Kerfoot and loses puck. 6:12 of 2nd period - Shot by Kyle Palmieri. 6:12 of 2nd period - Shot Misses the Net. 6:31 of 2nd period - Icing by Erik Brannstrom. 6:32 of 2nd period - Tomas Nosek wins face-off versus Yanni Gourde in KELOWNA ROCKETS zone. 6:48 of 2nd period - Icing by Kyle Burroughs. 6:49 of 2nd period - Tomas Nosek wins face-off versus Mika Zibanejad in KELOWNA ROCKETS zone. 7:00 of 2nd period - Calle Jarnkrok is hit by Travis Konecny and loses puck. 7:05 of 2nd period - Shot by Travis Konecny. 7:05 of 2nd period - Shot Misses the Net. 7:07 of 2nd period - Shot by Mika Zibanejad. 7:07